 Dungeon Crawl Stone Soup version 0.31-a0-331-geda263fcf1 (webtiles) character file.

Game seed: 3498139182866905754

18503 Shard1697 the Grappler (level 12, -6/106 HPs)
             Began as a Purple Draconian Shapeshifter on July 20, 2023.
             Was a High Priest of Okawaru.
             Killed from afar by an oklob plant (18 damage)
             ... with a splash of acid
             ... on level 1 of the Lair of Beasts.
             The game lasted 00:24:51 (12628 turns).

Shard1697 the Grappler (DrSh)                      Turns: 12628, Time: 00:24:51

Health: -6/106     AC:  5    Str: 19    XL:     12   Next: 28%
Magic:  17/17      EV: 12    Int:  8    God:    Okawaru [*****.]
Gold:   628        SH: 12    Dex: 16    Spells: 11/11 levels left

rFire   + .          .
                       - Unarmed
rCold   . . .        C - +2 kite shield "Epset" {rPois}
rNeg    . . .        (body armour unavailable)
rPois   +            G - +3 hat of Pan-Flutes {Rampage}
rElec   .            (no cloak)
rCorr   .            q - +0 pair of gloves
SInv    +            v - +0 pair of boots
Will    +....        (no amulet)
Stlth   +            i - ring of see invisible
HPRegen 0.37/turn    r - ring of protection from fire
MPRegen 0.15/turn

%: rampage
@: maw-form, corroded
A: devouring maw, breathe power, AC +8, unfitting armour, cold-blooded
a: Breathe Dispelling Energy, Begin Untransformation, Renounce Religion,
Heroism, Finesse, Duel


You were on level 1 of the Lair of Beasts.
You worshipped Okawaru.
Okawaru was extremely pleased with you.
You were a creature with a mouth for a stomach.
You visited 2 branches of the dungeon, and saw 14 of its levels.
You also visited: Sewer.

You collected 866 gold pieces.
You spent 238 gold pieces at shops.

Inventory:

Armour
 q - a +0 pair of gloves (worn)
 u - a +2 hat of intelligence
 v - a +0 pair of boots (worn)
 C - the +2 kite shield "Epset" (worn) {rPois}
   (Okawaru gifted it to you on level 11 of the Dungeon)

   rPois:     It protects you from poison.
 G - the +3 hat of Pan-Flutes (worn) {Rampage}
   (Okawaru gifted it to you on level 1 of the Lair of Beasts)

   Rampage:   It bestows one free step when moving towards enemies.
Jewellery
 i - a ring of see invisible (left hand)
 r - a ring of protection from fire (right hand)
Talismans
 x - a blade talisman
 E - a maw talisman
Wands
 b - a wand of polymorph (1)
 c - a wand of mindburst (7)
 m - a wand of light (18)
 n - a wand of roots (5)
 w - a wand of flame (36)
Scrolls
 f - 3 scrolls of amnesia
 g - a scroll of teleportation
 p - a scroll of fear
 y - a scroll of blinking
 A - a scroll of enchant armour
 B - a scroll of fog
Potions
 a - 2 potions of lignification
 d - 3 potions of might
 e - 3 potions of curing
 h - 4 potions of magic
 j - a potion of haste
 k - a potion of berserk rage
 l - a potion of mutation
 o - 4 potions of cancellation
 s - 2 potions of invisibility
 t - a potion of resistance
 z - 3 potions of brilliance
 D - a potion of ambrosia
 F - a potion of attraction {unknown}


   Skills:
 - Level 10.1 Fighting
 + Level 4.5 Dodging
 + Level 4.9 Shields
 + Level 12.3 Unarmed Combat
 - Level 7.0 Invocations
 - Level 9.1 Shapeshifting


You had 11 spell levels left.
You didn't know any spells.
Your spell library contained the following spells:

 Spells                   Type           Power      Damage    Failure   Level
 Cigotuvi's Dreadful Rot  Necr/Pois/Air  0%         N/A       83%         2
 Lesser Beckoning         Tloc           0%         N/A       83%         2
 Frozen Ramparts          Ice            0%         1d1       97%         3
 Gell's Gravitas          Tloc           0%         N/A       97%         3
 Ignite Poison            Fire/Tmut/Pois 0%         N/A       97%         3
 Teleport Other           Tloc           0%         N/A       97%         3
 Petrify                  Tmut/Erth      0%         N/A       100%        4
 Freezing Cloud           Conj/Ice/Air   0%         6-21      100%        5
 Metabolic Englaciation   Hex/Ice        0%         N/A       100%        5


Dungeon Overview and Level Annotations

Branches:
Dungeon (13/15)            Temple (0/1) D:5            Lair (1/5) D:8
    Orc (0/2) D:11          Sewer (visited)
 Vaults: D:13-14

Altars:
Ashenzari
Cheibriados
Dithmenos
Gozag
Makhleb
Nemelex Xobeh
Okawaru
Qazlal
Ru
Sif Muna
Trog
Uskayaw
Vehumet
Xom
Yredelemnul

Shops:
D:2 [   D:5 *   D:11 *

Annotations:
D:10 exclusion: obsidian statue
Lair:1 exclusion: oklob plant


Innate Abilities, Weirdness & Mutations

You are a creature with a mouth for a stomach.
Your midsection houses a second, enormous mouth.
You can breathe bolts of dispelling energy.
Your rich purple scales are hard. (AC +8)
You cannot fit into any form of body armour.
You are cold-blooded and may be slowed by cold attacks.


Message History

You hit the oklob plant but do no damage.
You tail-slap the oklob plant, but do no damage.
The oklob plant is severely damaged.
The oklob plant spits acid at you. The splash of acid hits you!
You hit the oklob plant but do no damage.
You bite the oklob plant.
The oklob plant is severely damaged.
You hit the oklob plant.
You bite the oklob plant, but do no damage.
The oklob plant is severely damaged.
You hit the oklob plant but do no damage.
You bite the oklob plant!
The oklob plant is almost destroyed.
You hit the oklob plant but do no damage.
The oklob plant is almost destroyed.
The oklob plant spits acid at you. The splash of acid hits you!!
You hit the oklob plant but do no damage.
You bite the oklob plant, but do no damage.
The oklob plant is almost destroyed.
You hit the oklob plant but do no damage.
You bite the oklob plant, but do no damage.
The oklob plant is almost destroyed.
You hit the oklob plant but do no damage.
The oklob plant is almost destroyed.
You hit the oklob plant but do no damage.
The oklob plant is almost destroyed.
The oklob plant spits acid at you. The splash of acid hits you!!
* * * LOW HITPOINT WARNING * * *
You punch the oklob plant!
You tail-slap the oklob plant, but do no damage.
The oklob plant is almost destroyed.
You hit the oklob plant but do no damage.
You tail-slap the oklob plant, but do no damage.
The oklob plant is almost destroyed.
The oklob plant spits acid at you. The splash of acid hits you!!
You die...

....##...##.......##=##
.........##........#..#
###.##...######.#.##..#
.####P...#..######.#.##
.....................#
......(..............#
.....................#
...................(.#
................W....#
#.###..........P.....#
....#......#########..#
....#......# P.##
....#......# ..
...........# ..#
....#......#
....#......#
...........#


You could see an oklob plant.

Vanquished Creatures
  Josephine (D:11)
  4 two-headed ogres
  A boulder beetle (D:11)
  Pikel (D:7)
  2 slime creatures (D:12)
  A wolf spider (Lair:1)
  A manticore (D:12)
  2 cyclopes (D:12)
  Joseph (D:8)
  A black mamba (Lair:1)
  A torpor snail (Lair:1)
  Psyche (D:8)
  A cane toad (Lair:1)
  A kobold demonologist (D:9)
  3 trolls
  A hornet (D:10)
  3 blink frogs (Lair:1)
  2 dream sheep (Lair:1)
  12 yaks
  2 vampires
  2 shadows
  7 wraiths
  2 basilisks
  2 steam dragons
  2 acid dragons
  2 water moccasins
  2 sky beasts
  5 orc warriors
  9 wolves (Lair:1)
  2 ogres (D:5)
  2 centaurs (D:11)
  A lemure (D:7)
  2 phantoms (D:6)
  A gnoll sergeant (D:10)
  4 scorpions
  2 kobold brigands (D:8)
  6 bullfrogs
  5 wights (D:7)
  9 killer bees
  6 howler monkeys
  6 orc priests
  7 hounds
  An iguana (D:5)
  3 jellies (Sewer)
  11 orc wizards
  7 gnolls
  8 adders
  A river rat (Sewer)
  A shadow imp (D:8)
  2 white imps
  An ufetubus (D:5)
  A worm (D:3)
  A dart slug (D:4)
  37 orcs
  5 bats
  11 endoplasms
  4 giant cockroaches
  4 goblins
  11 hobgoblins
  16 kobolds
  4 quokkas
  14 ball pythons
  6 frilled lizards
  6 rats
283 creatures vanquished.

Notes
Turn   | Place    | Note
-------+----------+-------------------------------------------
     0 | D:1      | Shard1697 the Draconian Shapeshifter began the quest for
                  | the Orb.
     0 | D:1      | Reached XP level 1. HP: 17/17 MP: 1/1
   491 | D:2      | Reached XP level 2. HP: 15/24 MP: 2/2
   689 | D:2      | Reached skill level 3 in Unarmed Combat
   715 | D:2      | Found a sparkling altar of Nemelex Xobeh.
   860 | D:2      | Found a faded altar of an unknown god.
   890 | D:2      | Found Vovog's Armour Shop.
   894 | D:2      | Reached XP level 3. HP: 26/29 MP: 3/3
   899 | D:2      | Bought a +0 buckler for 49 gold pieces
  1005 | D:2      | Identified the +1 great sword of Perversion {drain, rF+ rC+
                  | Will+}
  1280 | D:3      | Found a glowing drain.
  1310 | Sewer    | Entered a sewer
  1351 | Sewer    | Reached skill level 4 in Unarmed Combat
  1442 | Sewer    | Reached XP level 4. HP: 31/36 MP: 4/4
  1542 | Sewer    | Found a viscous altar of Jiyva.
  1570 | Sewer    | Reached skill level 5 in Unarmed Combat
  1578 | Sewer    | Reached XP level 5. HP: 16/41 MP: 5/5
  1941 | D:3      | Found an iron altar of Okawaru.
  1958 | D:3      | Became a worshipper of Warmaster Okawaru
  2021 | D:3      | Found a shimmering blue altar of Sif Muna.
  2054 | D:3      | Found a radiant altar of Vehumet.
  2138 | D:3      | Found a sacrificial altar of Ru.
  2378 | D:4      | Reached skill level 6 in Unarmed Combat
  2378 | D:4      | Reached XP level 6. HP: 29/50 MP: 6/6
  2561 | D:4      | Found a sparkling altar of Nemelex Xobeh.
  3237 | D:3      | Reached skill level 7 in Unarmed Combat
  3247 | D:4      | Your scales start taking on a rich purple colour.
  3247 | D:4      | Reached XP level 7. HP: 58/58 MP: 7/7
  3285 | D:4      | Found a snail-covered altar of Cheibriados.
  3506 | D:5      | Entered Level 5 of the Dungeon
  3532 | D:5      | Found Xuhust's Serpentskin Sales.
  3547 | D:5      | Found a staircase to the Ecumenical Temple.
  3636 | D:5      | Reached * piety under Okawaru
  3747 | D:5      | Reached skill level 1 in Invocations
  3848 | D:5      | Bought a +1 buckler of poison resistance for 189 gold
                  | pieces
  3985 | D:5      | Reached skill level 8 in Unarmed Combat
  4214 | D:5      | Found a shimmering altar of Xom.
  4360 | D:5      | Reached skill level 5 in Fighting
  4360 | D:5      | Reached XP level 8. HP: 63/68 MP: 8/10
  4777 | D:6      | Found a basalt altar of Yredelemnul.
  4815 | D:6      | Reached ** piety under Okawaru
  4985 | D:6      | Reached skill level 9 in Unarmed Combat
  5779 | D:7      | Reached XP level 9. HP: 42/75 MP: 10/12
  5936 | D:7      | Found a stormy altar of Qazlal.
  5980 | D:7      | Noticed Pikel
  6005 | D:7      | Killed Pikel
  6005 | D:7      | Reached *** piety under Okawaru
  6006 | D:7      | Reached skill level 10 in Unarmed Combat
  6006 | D:7      | Reached skill level 5 in Invocations
  6372 | D:8      | Found a broken altar of Ashenzari.
  6538 | D:8      | Found a shadowy altar of Dithmenos.
  6724 | D:8      | Noticed Joseph
  6743 | D:8      | Killed Joseph
  6881 | D:8      | Noticed Psyche
  6890 | D:8      | Killed Psyche
  6891 | D:8      | Found a staircase to the Lair.
  6891 | D:8      | Noticed a two-headed ogre
  6897 | D:8      | Killed a two-headed ogre
  6897 | D:8      | Reached **** piety under Okawaru
  6898 | D:8      | Reached skill level 5 in Shapeshifting
  6898 | D:8      | Reached XP level 10. HP: 66/86 MP: 12/14
  7025 | D:8      | Found an opulent altar of Gozag.
  7479 | D:9      | Noticed a two-headed ogre
  7488 | D:9      | Killed a two-headed ogre
  8082 | D:9      | Reached ***** piety under Okawaru
  8342 | D:9      | Noticed a two-headed ogre
  8362 | D:9      | Killed a two-headed ogre
  8475 | D:9      | Noticed an orange demon
  8615 | D:10     | Entered Level 10 of the Dungeon
  8615 | D:10     | You fall into a shaft and drop 3 floors!
  8678 | D:12     | Noticed a manticore
  8718 | D:12     | Killed a manticore
  8719 | D:12     | Reached XP level 11. HP: 50/93 MP: 15/15
  8846 | D:11     | Found a staircase to the Orcish Mines.
  9140 | D:10     | Found a hide-covered altar of Uskayaw.
  9182 | D:10     | Found a bloodstained altar of Trog.
  9182 | D:10     | Found a burning altar of Makhleb.
  9201 | D:10     | Paralysed by a hornet for 1 turns
  9399 | D:10     | Noticed an obsidian statue
  9789 | D:11     | Noticed a two-headed ogre
  9790 | D:11     | Noticed Josephine
  9799 | D:11     | Killed a two-headed ogre
  9799 | D:11     | Received a gift from Okawaru
  9800 | D:11     | Reached skill level 11 in Unarmed Combat
  9807 | D:11     | Killed Josephine
  9941 | D:11     | Found Maemuid's Assorted Antiques.
 10044 | D:11     | Identified the +2 kite shield "Epset" {rPois} (Okawaru
                  | gifted it to you on level 11 of the Dungeon)
 10044 | D:11     | Received a gift from Okawaru
 10202 | D:11     | Noticed a boulder beetle
 10239 | D:11     | Killed a boulder beetle
 10738 | D:12     | Reached skill level 1 in Shields
 11911 | Lair:1   | Entered Level 1 of the Lair of Beasts
 11917 | Lair:1   | Reached XP level 12. HP: 102/106 MP: 17/17
 11925 | Lair:1   | Reached skill level 12 in Unarmed Combat
 12013 | Lair:1   | Reached skill level 10 in Fighting
 12391 | Lair:1   | Identified the +3 hat of Pan-Flutes {Rampage} (Okawaru
                  | gifted it to you on level 1 of the Lair of Beasts)
 12391 | Lair:1   | Received a gift from Okawaru
 12628 | Lair:1   | Killed from afar by an oklob plant

Illustrated notes

Levels and vault maps discovered:
D:1:      dpeg_arrival_round_b, layout_rooms, serial_aquarium,
          aquarium_bridge_long_joined [aquarium_subvault_window,
          aquarium_subvault_balcony, aquarium_subvault_bridge,
          aquarium_subvault_bridge, aquarium_subvault_bridge,
          aquarium_subvault_window], aquarium_window_corner, aquarium_window_2,
          aquarium_window_2, aquarium_window_2, aquarium_view_2a,
          aquarium_view_2c
D:2:      layout_loops_ring, basic_altar, ebering_ecumenical_altar_mist,
          serial_shops, nicolae_shop_pleasant_corner_grove
D:3:      layout_basic, nicolae_sif_muna_little_library,
          okawaru_metal_pillars_1_2, mainiacjoe_overflow_small_starburst,
          nicolae_vehumet_radiance, cheibrodos_sewer_entry_sluice
D:4:      layout_basic, kennysheep_slug_shrine, nemelex_altar_shiori,
          nicolae_nh_ransacked_shop
D:5:      layout_gridville, kennysheep_mini_moat, minmay_temple_entry_hall,
          chequers_hall_statues_wall_a, grunt_ministairs_6, guppyfry_shop_venom
D:6:      layout_loops_corners, kennysheep_mini
D:7:      layout_basic, grunt_qazlal_sundering, uniq_pikel
D:8:      layout_loops_ring, nicolae_ashenzari_panopticon, lemuel_round_altar,
          kennysheep_little_box, dpeg_oklobed_lair, serial_bayou_crossing,
          uniq_joseph, uniq_psyche
D:9:      layout_rooms, minmay_fractal_squares_gapless_5
D:10:     layout_roguey, minitemple, nicolae_zen_rock_garden,
          minmay_statue_bubble
D:11:     layout_irregular_city, david_orc_3, serial_shops,
          nicolae_shop_rolling_square, uniq_josephine
D:12:     minmay_distorted_concentric_squares, layout_long_grid
D:13:     layout_basic, grunt_ministairs_12, eino_small_chamber_without_monster
Lair:1:   layout_regular_city, nicolae_lair_run_with_the_wolves,
          lemuel_fruit_tree

Skill      XL: |  1  2  3  4  5  6  7  8  9 10 11 12 |
---------------+-------------------------------------+-----
Unarmed Combat | 3 4 5 6 7 8 9 10 11 12 | 12.3
Fighting       | 3 5 6 7 9 10 | 10.1
Invocations    | 2 4 5 7 |  7.0
Shapeshifting  | 5 9 |  9.1
Dodging        | 2 4 |  4.5
Shields        | 3 4 |  4.9

Action                     |  1- 3 |  4- 6 |  7- 9 | 10-12 || total
---------------------------+-------+-------+-------+-------++-------
  Melee: Unarmed           |   116 |   144 |   265 |   435 ||   960
         Tailslap          |    10 |    17 |    29 |    71 ||   127
         Maw               |       |       |       |    56 ||    56
         Punch             |       |       |       |     7 ||     7
 Invoke: Heroism           |       |       |     6 |     8 ||    14
Ability: Breathe Dispellin |       |       |     3 |       ||     3
  Evoke: Wand              |       |       |       |     1 ||     1
    Use: Scroll            |     7 |     3 |     1 |    11 ||    22
         Potion            |       |     7 |       |     3 ||    10
   Stab: Sleeping          |     2 |     1 |     3 |     2 ||     8
 Armour: Skin              |    32 |    41 |    59 |    84 ||   216
  Dodge: Dodged            |    58 |    48 |   110 |   208 ||   424
  Block: Buckler           |    10 |    23 |    55 |    18 ||   106
         Kite shield       |       |       |       |    97 ||    97
   Form: Blade             |       |       |       |     1 ||     1
         Maw               |       |       |       |     1 ||     1

Table legend: (Time is in decaauts)
 A = Elapsed time spent in this place.
 B = Non-inter-level travel time spent in this place.
 C = Inter-level travel time spent in this place.
 D = Time resting spent in this place.
 E = Time spent auto-exploring this place.
 F = Levels seen in this place.
 G = Mean time per level.
                   A        B        C        D        E       F      G
               +--------+--------+--------+--------+--------+-----+--------+
         Total |  12550 |  12105 |    445 |   1349 |   8247 |  15 |  836.7 |
       Dungeon |  11396 |  10951 |    445 |   1248 |   7570 |  13 |  876.6 |
          Lair |    708 |    708 |      0 |      0 |    535 |   1 |  708.0 |
         Sewer |    445 |    445 |      0 |    101 |    142 |   1 |  445.0 |
               +--------+--------+--------+--------+--------+-----+--------+

Top non-repeatable levels by time:
    D:12: 1351 daAuts
     D:8: 1298 daAuts
     D:9: 1118 daAuts
     D:5: 1098 daAuts
    D:11: 1033 daAuts
     D:4: 1023 daAuts
     D:6: 985 daAuts
     D:3: 802 daAuts
     D:7: 744 daAuts
     D:2: 743 daAuts
  Lair:1: 708 daAuts
    D:10: 705 daAuts
     D:1: 482 daAuts
   Sewer: 445 daAuts
    D:13: 8 daAuts
